 Dungeon Crawl Stone Soup version 0.32-a0-818-gb728d0252e (webtiles) character file.

Game seed: 8286998744671581672

35413 Atlas the Thaumaturge (level 13, -1/85 HPs)
             Began as a Demonspawn Fire Elementalist on Mar 24, 2024.
             Was a High Priest of Vehumet.
             Slain by a skeletal warrior
             ... wielding the +5 quarterstaff of the Hand {speed, rPois}
              (13 damage)
             ... on level 13 of the Dungeon.
             The game lasted 00:26:13 (17319 turns).

Atlas the Thaumaturge (DsFE)                       Turns: 17319, Time: 00:26:14

Health: -1/85      AC: 17    Str: 15    XL:     13   Next: 47%
Magic:  0/30       EV: 15    Int: 22    God:    Vehumet [*****.]
Gold:   2155       SH:  5    Dex: 14    Spells: 17/38 levels left

rFire   . . .        f - +9 demon whip "Piodiaga" {pain, rElec Str+3 Int+2}
rCold   + . .        E - +1 buckler {rC+}
rNeg    . . .        O - +0 acid dragon scales
rPois   +            j - +0 helmet
rElec   +            i - +2 cloak of Okawaru's Delight {*Slow rPois Str+3}
rCorr   +            C - +1 pair of gloves
SInv    +            (no boots)
Will    .....        q - amulet of faith
Stlth   ++           P - ring of see invisible
HPRegen 0.34/turn    e - +4 ring of protection
MPRegen 0.44/turn

%: slow self (1%), repel missiles, guardian spirit, faith
@: no status effects
A: repulsion field 3, icemail 1, magic shield, magic regeneration, condensation
shield, demonic touch 2
a: Renounce Religion


You were on level 13 of the Dungeon.
You worshipped Vehumet.
Vehumet was extremely pleased with you.
You visited 2 branches of the dungeon, and saw 15 of its levels.
You also visited: Bailey.

You collected 2155 gold pieces.

Inventory:

Hand Weapons
 f - the +9 demon whip "Piodiaga" (weapon) {pain, rElec Str+3 Int+2}
   (You acquired it on level 4 of the Dungeon)

   Str+3:     It affects your strength (+3).
   Int+2:     It affects your intelligence (+2).
   rElec:     It insulates you from electricity.
 L - the +5 Force Lance {heavy, knockback}
   (You took it off a centaur on level 13 of the Dungeon)
Missiles
 p - 3 throwing nets
Armour
 i - the +2 cloak of Okawaru's Delight (worn) {*Slow rPois Str+3}
   (You found it on level 7 of the Dungeon)

   Str+3:     It affects your strength (+3).
   rPois:     It protects you from poison.
   *Slow:     It may slow you when you take damage.
 j - a +0 helmet (worn)
 C - a +1 pair of gloves (worn)
 E - a +1 buckler of cold resistance (worn)
 O - +0 acid dragon scales (worn)
Jewellery
 c - an amulet of magic regeneration
 e - a +4 ring of protection (right hand)
 q - an amulet of faith (around neck)
 t - an amulet of reflection
 G - a ring of protection from cold
 P - a ring of see invisible (left hand)
Wands
 a - a wand of flame (5)
 s - a wand of iceblast (9)
 B - a wand of polymorph (1)
 I - a wand of mindburst (5)
 R - a wand of charming (5)
Scrolls
 g - 5 scrolls of immolation
 l - a scroll of noise
 m - 2 scrolls of butterflies {unknown}
 v - 3 scrolls of teleportation
 w - 2 scrolls of poison {unknown}
 y - 7 scrolls of vulnerability
 z - 2 scrolls of brand weapon {unknown}
 D - 2 scrolls of amnesia {unknown}
 F - 5 scrolls of enchant armour
 J - 2 scrolls of enchant weapon {unknown}
 K - a scroll of fear {unknown}
 M - a scroll of silence {unknown}
 N - a scroll of torment {unknown}
 Q - a scroll of fog {unknown}
 S - a scroll of identify
Potions
 b - 2 potions of magic
 d - a potion of heal wounds {unknown}
 h - 3 potions of mutation
 k - a potion of resistance {unknown}
 n - 3 potions of might
 o - a potion of haste {unknown}
 r - 5 potions of lignification
 u - 3 potions of enlightenment {unknown}
 x - 4 potions of brilliance
 A - 4 potions of attraction
 H - a potion of invisibility


   Skills:
 + Level 2.4 Fighting
 + Level 0.5 Short Blades
 + Level 3.7 Maces & Flails
 + Level 4.1 Armour
 + Level 4.6 Dodging
 + Level 3.6 Stealth
 + Level 3.3 Shields
 + Level 13.4 Spellcasting
 + Level 7.8 Conjurations
 + Level 12.6 Fire Magic
 + Level 1.2 Air Magic
 + Level 0.2 Alchemy
 + Level 2.0 Evocations


You had 17 spell levels left.
You knew the following spells:

 Your Spells              Type           Power      Damage    Failure   Level
a - Scorch                Fire           100%       2d9       1%          2
b - Foxfire               Conj/Fire      100%       2x1d9     1%          1
c - Flame Wave            Conj/Fire      56%        2d13      1%          4
d - Mephitic Cloud        Conj/Alch/Air  28%        N/A       1%          3
e - Starburst             Conj/Fire      28%        6d9       4%          6
f - Fireball              Conj/Fire      28%        3d12      1%          5

Your spell library contained the following spells:

 Spells                   Type           Power      Damage    Failure   Level
 Shock                    Conj/Air       100%       1d9       1%          1
 Searing Ray              Conj           98%        2d8       1%          2
 Dazzling Flash           Conj/Hex       62%        N/A       1%          3
 Inner Flame              Hex/Fire       42%        N/A       1%          3
 Volatile Blastmotes      Fire/Tloc      84%        2d17      1%          3
 Frozen Ramparts          Ice            28%        1d5       6%          3
 Irradiate                Conj/Alch      16%        3d17      11%         5
 Sublimation of Blood     Necr           14%        N/A       12%         2
 Airstrike                Air            10%        2d(2-18)  13%         4
 Swiftness                Air            20%        N/A       14%         3
 Ozocubu's Armour         Ice            14%        N/A       22%         3
 Passwall                 Erth           14%        N/A       22%         3
 Lee's Rapid Deconstruct  Erth           7%         3d6*      45%         5
 Bombard                  Conj/Erth      15%        9d3       50%         6
 Summon Lightning Spire   Summ/Air       17%        N/A       52%         4
 Orb of Destruction       Conj           24%        9d9       52%         7
 Animate Armour           Summ/Erth      28%        N/A       58%         4
 Animate Dead             Necr           14%        N/A       58%         4
 Leda's Liquefaction      Alch/Erth      7%         N/A       58%         4
 Petrify                  Alch/Erth      15%        N/A       58%         4
 Silence                  Hex/Air        8%         N/A       86%         5
 Curse of Agony           Necr           14%        N/A       91%         5
 Metabolic Englaciation   Hex/Ice        7%         N/A       91%         5
 Permafrost Eruption      Ice/Erth       7%         2x4d3     94%         6
 Haunt                    Necr/Summ      7%         N/A       100%        7
 Infestation              Necr           7%         N/A       100%        8
 Lehudib's Crystal Spear  Conj/Erth      15%        10d5      100%        8
 Chain Lightning          Conj/Air       17%        3d22      100%        9
 Fire Storm               Conj/Fire      28%        8d7       100%        9
 Shatter                  Erth           7%         3d9*      100%        9


Dungeon Overview and Level Annotations

Branches:
Dungeon (14/15)            Temple (1/1) D:4            Lair (0/5) D:9
    Orc (0/2) D:12         Bailey (visited)
 Vaults: D:13-14

Altars:
Ashenzari
Cheibriados
Dithmenos
Fedhas
Gozag
Hepliaklqana
Kikubaaqudgha
Makhleb
Nemelex Xobeh
Okawaru
Qazlal
Ru
Sif Muna
Trog
Uskayaw
Vehumet
Wu Jian
Xom
Yredelemnul

Shops:
D:1 (

Annotations:
D:5 2 runed translucent doors, Fodor's ghost, novice MiFi
D:6 4 runed translucent doors, Crazy Yiuf; gimp's ghost, novice BaEE
D:7 2 transporters, Orlauf's ghost, amateur DsGl
D:11 3 runed translucent doors, hattop's ghost, journeyman DrSh
D:13 exclusion: 2 upstairs


Innate Abilities, Weirdness & Mutations

You are surrounded by a strong repulsion field. (EV +4, RMsl)
A meltable icy envelope protects you from harm. (AC +0)
When hurt, damage is shared between your health and your magic reserves.
You regenerate magic rapidly.
A meltable shield of frost defends you. (SH +0)
Your touch may inflict irresistible damage on your foes.


Message History

The deep elf pyromancer completely misses you.
The fire dragon bites you! The fire dragon completely misses you.
The fire dragon tramples you.
You stumble backwards!
Unknown command.
Casting: Flame Wave (safe; 1% risk of failure)
Confirm with . or Enter, or press ? or * to list all spells.
Casting: Flame Wave (safe; 1% risk of failure)
Press: ? - help, Dir - look around, f - activate A wave of flame ripples out!
The flame wave engulfs the deep elf pyromancer.
The deep elf pyromancer is lightly wounded.
The flame wave engulfs the fire dragon.
The fire dragon completely resists.
The fire dragon is moderately wounded. (Press . to intensify the flame waves.)
The liquid fire burns you!
* * * LOW HITPOINT WARNING * * *
You block the deep elf pyromancer's attack.
The fire dragon barely misses you. The fire dragon claws you.
* * * LOW HITPOINT WARNING * * *
You block the fire dragon's attack.
There are no items here.
A wave of flame ripples out!
The flame wave engulfs the deep elf pyromancer!
The deep elf pyromancer is moderately wounded.
The flame wave engulfs the fire dragon but does no damage.
The fire dragon is moderately wounded.
The liquid fire burns you!
* * * LOW HITPOINT WARNING * * *
Your surroundings suddenly seem different.
You shake off some of the fire as you move.
The liquid fire burns you!
* * * LOW HITPOINT WARNING * * *
You shake off the liquid fire.
There is a stone staircase leading up here.
You climb upwards.
Level annotation: exclusion: 2 upstairs The skeletal warrior hits you with the +5 quarterstaff of the Hand!
* * * LOW HITPOINT WARNING * * *
The skeletal warrior hits you with the +5 quarterstaff of the Hand!!
You die...

##### ##### #...# #<.(# #..(#
###...########...####
#.......##..........###
#<....................#
#...................#.#
###...###.z.##...####.#
#######...# ##@###...# #.#
#........## #.# #...# #.#
#.######## #.# ##### #.# #.#
##'## #.# #.# ##...## #.#
#.#### ##.....## ##)# #.##.##
##.......## ##..#
###.....####.........####.[[##
.....................'.......#


You could see a skeletal warrior.

Vanquished Creatures
  5 centaur warriors
  3 hydras
  5 two-headed ogres
  A tengu warrior (D:13)
  6 boulder beetles
  An orc knight (Bailey)
  4 deep elf pyromancers
  5 manticores
  2 cyclopes (D:13)
  5 ugly things
  A gargoyle (D:14)
  2 kobold demonologists
  An unseen horror (D:13)
  2 komodo dragons
  A yaktaur (D:13)
  A tengu conjurer (D:13)
  A troll (D:12)
  A dream sheep (shapeshifter) (D:11)
  12 slime creatures
  Sigmund (D:3)
  A vampire (D:12)
  A yak (shapeshifter) (D:13)
  19 yaks
  2 wraiths
  17 vampire mosquitoes
  A steam dragon (D:9)
  4 acid dragons
  2 sky beasts (D:7)
  13 orc warriors
  2 black bears
  3 ice beasts
  2 laughing skulls (D:13)
  5 centaurs
  4 ogres
  2 phantoms
  2 kobold brigands
  3 bullfrogs
  A brain worm (shapeshifter) (D:13)
  3 scorpions
  A water moccasin zombie (D:6)
  A gnoll sergeant (D:10)
  8 wights (D:9)
  10 killer bees
  4 howler monkeys (D:6)
  2 bullfrog zombies (D:6)
  A bullfrog skeleton (D:6)
  7 hounds
  A jelly (D:6)
  12 orc priests
  Ijyb (D:4)
  2 gnoll boudas
  A sleepcap (D:4)
  An iguana (D:5)
  17 orc wizards
  A killer bee zombie (D:6)
  A howler monkey zombie (D:6)
  13 gnolls
  9 adders
  2 shadow imps (D:6)
  2 ufetubi (D:7)
  A ribbon worm (D:4)
  3 dart slugs
  82 orcs
  6 endoplasms
  2 giant cockroaches
  14 goblins
  5 hobgoblins
  18 jackals
  6 quokkas
  A frilled lizard (D:3)
  14 kobolds
  3 rats
399 creatures vanquished.

Vanquished Creatures (others)
  A wolf spider (D:13)
  951 foxfires
952 creatures vanquished.

Grand Total: 1351 creatures vanquished

Notes
Turn   | Place    | Note
-------+----------+-------------------------------------------
     0 | D:1      | Atlas the Demonspawn Fire Elementalist began the quest for
                  | the Orb.
     0 | D:1      | Reached XP level 1. HP: 13/13 MP: 3/3
    78 | D:1      | Found Zugoapoi's Antique Weapon Boutique.
   563 | D:1      | Gained mutation: You are surrounded by a mild repulsion
                  | field. (EV +2) [demonic ancestry]
   563 | D:1      | Reached XP level 2. HP: 19/19 MP: 0/5
  1066 | D:2      | Learned a level 2 spell: Scorch
  1464 | D:3      | Gained mutation: You are surrounded by a moderate repulsion
                  | field. (EV +3) [demonic ancestry]
  1464 | D:3      | Reached XP level 3. HP: 24/24 MP: 3/6
  1648 | D:3      | Noticed Sigmund
  1656 | D:3      | Killed Sigmund
  1657 | D:3      | Reached skill level 3 in Spellcasting
  1657 | D:3      | Gained mutation: A meltable shield of frost defends you.
                  | (SH +0) [demonic ancestry]
  1657 | D:3      | Reached XP level 4. HP: 30/30 MP: 2/9
  1657 | D:3      | Reached XP level 5. HP: 35/35 MP: 2/10
  2049 | D:3      | Reached skill level 4 in Spellcasting
  2313 | D:3      | Gained mutation: Your touch may inflict minor irresistible
                  | damage on your foes. [demonic ancestry]
  2313 | D:3      | Reached XP level 6. HP: 39/41 MP: 6/12
  2323 | D:3      | Reached skill level 5 in Fire Magic
  2411 | D:3      | Found a snail-covered altar of Cheibriados.
  2819 | D:4      | Found a staircase to the Ecumenical Temple.
  2874 | Temple   | Entered the Ecumenical Temple
  2954 | Temple   | Became a worshipper of Vehumet
  3219 | D:4      | Found an iron altar of Okawaru.
  3461 | D:4      | Gained mutation: Your touch may inflict irresistible damage
                  | on your foes. [demonic ancestry]
  3461 | D:4      | Reached XP level 7. HP: 30/47 MP: 10/13
  4194 | D:4      | Reached * piety under Vehumet
  4194 | D:4      | Offered knowledge of Sting by Vehumet.
  4295 | D:4      | Noticed Ijyb
  4318 | D:4      | Killed Ijyb
  4635 | D:4      | Identified a scroll of acquirement
  4639 | D:4      | Acquired the +9 demon whip "Piodiaga" {pain, rElec Str+3
                  | Int+2}
  4647 | D:5      | Entered Level 5 of the Dungeon
  4652 | D:5      | Reached skill level 5 in Spellcasting
  4962 | D:5      | Reached skill level 1 in Armour
  4962 | D:5      | Gained mutation: A meltable icy envelope protects you from
                  | harm. (AC +0) [demonic ancestry]
  4962 | D:5      | Reached XP level 8. HP: 53/53 MP: 5/16
  5143 | D:5      | Found a stormy altar of Qazlal.
  5185 | D:5      | Found a hide-covered altar of Uskayaw.
  5194 | D:5      | Found a sacrificial altar of Ru.
  5241 | D:5      | Found a runed translucent door.
  5246 | D:5      | Noticed Fodor's ghost (novice MiFi)
  5322 | D:5      | Found a runed translucent door.
  5796 | D:6      | Reached skill level 6 in Spellcasting
  5865 | D:6      | Offered knowledge of Mercury Vapours by Vehumet.
  5927 | D:6      | Reached ** piety under Vehumet
  6194 | D:6      | Noticed a troll
  6206 | D:6      | Noticed gimp's ghost (novice BaEE)
  6359 | D:6      | Found a runed translucent gate.
  6359 | D:6      | Found a runed translucent gate.
  6360 | D:6      | Found a runed translucent gate.
  6596 | D:6      | Found a runed translucent door.
  6597 | D:6      | Noticed Crazy Yiuf
  6672 | D:6      | Learned a level 4 spell: Flame Wave
  6676 | D:6      | Reached skill level 7 in Spellcasting
  6791 | D:6      | Offered knowledge of Searing Ray by Vehumet.
  6796 | D:6      | Reached XP level 9. HP: 54/58 MP: 3/19
  7060 | D:7      | Identified the +2 cloak of Okawaru's Delight {*Slow rPois
                  | Str+3}
  7062 | D:7      | Noticed a moth of wrath
  7112 | D:7      | Reached *** piety under Vehumet
  7274 | D:7      | Offered knowledge of Fulminant Prism by Vehumet.
  7281 | D:7      | Found a flagged portal.
  7289 | Bailey   | Entered a bailey
  7389 | Bailey   | Reached skill level 1 in Maces & Flails
  7545 | Bailey   | Reached **** piety under Vehumet
  7730 | Bailey   | Offered knowledge of Sticky Flame by Vehumet.
  7735 | Bailey   | Learned a level 3 spell: Mephitic Cloud
  7754 | Bailey   | Reached skill level 5 in Conjurations
  8001 | Bailey   | Noticed an orc knight
  8016 | Bailey   | Killed an orc knight
  8017 | Bailey   | Reached skill level 8 in Spellcasting
  8017 | Bailey   | Reached skill level 1 in Air Magic
  8031 | Bailey   | Acquired 1097 gold pieces
  8360 | D:7      | Reached XP level 10. HP: 64/64 MP: 16/22
  8698 | D:7      | Found a transporter.
  8771 | D:7      | Found a transporter.
  8777 | D:7      | Noticed Orlauf's ghost (amateur DsGl)
  8839 | D:8      | Reached skill level 1 in Fighting
  8839 | D:8      | Reached skill level 1 in Shields
  8989 | D:8      | Noticed a cyclops
  9605 | D:8      | Reached ***** piety under Vehumet
  9607 | D:8      | Offered knowledge of Plasma Beam by Vehumet.
  9818 | D:9      | Reached skill level 9 in Spellcasting
 10762 | D:9      | Reached skill level 10 in Spellcasting
 10935 | D:9      | Found a staircase to the Lair.
 11062 | D:10     | Entered Level 10 of the Dungeon
 11071 | D:10     | Gained mutation: You are surrounded by a strong repulsion
                  | field. (EV +4, RMsl) [demonic ancestry]
 11071 | D:10     | Reached XP level 11. HP: 63/70 MP: 16/25
 11433 | D:10     | Offered knowledge of Orb of Destruction by Vehumet.
 11434 | D:10     | Reached skill level 10 in Fire Magic
 12152 | D:11     | Noticed hattop's ghost (journeyman DrSh)
 12308 | D:11     | Found a runed translucent gate.
 12308 | D:11     | Found a runed translucent gate.
 12308 | D:11     | Found a runed translucent gate.
 12547 | D:12     | Noticed a white ugly thing
 12550 | D:12     | Noticed a cyan ugly thing
 12550 | D:12     | Noticed a deep elf pyromancer
 12559 | D:11     | Killed a white ugly thing
 12560 | D:11     | Reached skill level 11 in Spellcasting
 12736 | D:12     | Killed a cyan ugly thing
 12761 | D:12     | Noticed a two-headed ogre
 12768 | D:12     | Killed a two-headed ogre
 13010 | D:12     | Noticed a deep elf pyromancer
 13015 | D:12     | Killed a deep elf pyromancer
 13073 | D:12     | Killed a deep elf pyromancer
 13136 | D:12     | Noticed a green ugly thing
 13143 | D:12     | Killed a green ugly thing
 13201 | D:12     | Noticed a two-headed ogre
 13209 | D:12     | Killed a two-headed ogre
 13337 | D:12     | Gained mutation: You regenerate magic rapidly. [demonic
                  | ancestry]
 13337 | D:12     | Reached XP level 12. HP: 77/77 MP: 19/27
 13690 | D:12     | Found a staircase to the Orcish Mines.
 13933 | D:13     | Reached skill level 12 in Spellcasting
 14013 | D:13     | Noticed a boulder beetle
 14068 | D:13     | Noticed a centaur warrior
 14079 | D:13     | Killed a centaur warrior
 14252 | D:13     | Offered knowledge of Fireball by Vehumet.
 14278 | D:13     | Noticed a boulder beetle
 14292 | D:13     | Killed a boulder beetle
 14318 | D:13     | Found a blossoming altar of Fedhas.
 14345 | D:13     | Acquired Facanwegg's Volume of the Shot
 14354 | D:13     | Learned a level 6 spell: Starburst
 14367 | D:13     | Noticed a two-headed ogre
 14378 | D:13     | Killed a two-headed ogre
 14379 | D:13     | Noticed a two-headed ogre
 14409 | D:13     | Killed a two-headed ogre
 14488 | D:13     | Noticed a boulder beetle
 14495 | D:13     | Killed a boulder beetle
 14496 | D:13     | Reached skill level 1 in Evocations
 14514 | D:13     | Noticed a seven-headed hydra
 14526 | D:13     | Killed a seven-headed hydra
 14798 | D:13     | Noticed a centaur warrior
 14807 | D:13     | Noticed a four-headed hydra
 14808 | D:13     | Noticed a boulder beetle
 14809 | D:13     | Killed a centaur warrior
 15238 | D:13     | Reached skill level 13 in Spellcasting
 15335 | D:13     | Noticed a centaur warrior
 15343 | D:13     | Killed a centaur warrior
 15344 | D:13     | Gained mutation: When hurt, damage is shared between your
                  | health and your magic reserves. [demonic ancestry]
 15344 | D:13     | Reached XP level 13. HP: 78/82 MP: 30/30
 15388 | D:13     | Learned a level 5 spell: Fireball
 16014 | D:13     | Identified the +5 quarterstaff of the Hand {speed, rPois}
 17264 | D:14     | Noticed a fire dragon
 17319 | D:13     | Slain by a skeletal warrior

Illustrated notes

Levels and vault maps discovered:
D:1:      scummos_arrival_star, layout_basic, serial_shops, shop
D:2:      layout_basic
D:3:      layout_basic, mainiacjoe_overflow_cross_hatched,
          grunt_decor_arrowhead, chequers_avenue, uniq_sigmund
D:4:      kennysheep_goblin_castle, layout_loops_corners, okawaru_trees_1,
          minmay_temple_entry_statues_pillars
D:5:      layout_basic, minmay_overflow_temple_star_quad, serial_rivers,
          chequers_serial_rivers_small_b, chequers_serial_rivers_micro_c,
          chequers_serial_rivers_micro_b, chequers_serial_rivers_small_b,
          ebering_ghost_sewer_f, hangedman_decor_riveting, feat_on_display,
          uniq_ijyb
D:6:      layout_rooms, serial_undead, serial_undead_e, serial_undead_f,
          serial_undead_b, serial_undead_e, gammafunk_ghost_split,
          uniq_crazy_yiuf_cottage
D:7:      layout_cave_pools, enter_bailey_3, gammafunk_ghost_berserking_beasts,
          kennysheep_generic_room_15
D:8:      layout_gridville, lightli_corner_chamber
D:9:      layout_long_grid, david_lair_shrubbed, chequers_serial_rivers_micro_b
D:10:     layout_roguey [special_room_orc]
D:11:     layout_rooms, gammafunk_ghost_split
D:12:     layout_rooms, orc_0_dummy
D:13:     minmay_the_grid_octo_tiled_octocenter
          [minmay_the_grid_octo_concentric, minmay_the_grid_octo_77,
          minmay_the_grid_octo_vomiting_pacman, minmay_the_grid_octo_horde,
          minmay_the_grid_octo_prize_ultimate_mussel_roller,
          minmay_the_grid_square_5x5_mess,
          minmay_the_grid_square_5x5_almost_minimal,
          minmay_the_grid_square_5x5_checkered_sparse,
          minmay_the_grid_square_5x5_inner_i], layout_loops_corners
D:14:     layout_rooms, david_vaults_5, serial_rivers,
          chequers_serial_rivers_micro_a, chequers_serial_rivers_micro_b,
          chequers_serial_rivers_micro_b, chequers_serial_rivers_small_3,
          chequers_serial_rivers_micro_c
Temple:   minmay_temple_bridge_d

Skill      XL: |  1  2  3  4  5  6  7  8  9 10 11 12 13 |
---------------+----------------------------------------+-----
Fire Magic     | 3 4 5 6 7 8 9 11 12 | 12.6
Dodging        | 2 3 4 |  4.6
Spellcasting   | 3 4 5 7 8 10 11 13 | 13.4
Conjurations   | 2 4 5 6 7 |  7.8
Stealth        | 2 3 |  3.6
Armour         | 1 3 4 |  4.1
Maces & Flails | 1 2 3 |  3.7
Air Magic      | 1 |  1.2
Fighting       | 1 2 |  2.4
Shields        | 1 2 3 |  3.3
Evocations     | 1 2 |  2.0
Short Blades   | |  0.5
Alchemy        | |  0.2

Action                     |  1- 3 |  4- 6 |  7- 9 | 10-12 | 13-15 || total
---------------------------+-------+-------+-------+-------+-------++-------
  Melee: Unarmed           |     9 |       |       |       |       ||     9
         Dagger            |     4 |    21 |     5 |       |       ||    30
         Touch             |       |     4 |     3 |       |       ||     7
         Demon whip        |       |       |    32 |    18 |    65 ||   115
   Cast: Foxfire           |    47 |    26 |   248 |   205 |     4 ||   530
         Scorch            |    21 |    30 |    98 |   170 |     4 ||   323
         Flame Wave        |       |       |     3 |    27 |     2 ||    32
         Mephitic Cloud    |       |       |     2 |       |       ||     2
         Starburst         |       |       |       |    25 |    24 ||    49
         Fireball          |       |       |       |       |     8 ||     8
  Evoke: Wand              |       |       |     2 |    19 |     3 ||    24
    Use: Scroll            |       |       |     9 |     8 |     2 ||    19
         Potion            |       |       |       |     2 |     2 ||     4
 Armour: Robe              |    15 |     7 |       |       |       ||    22
         Leather armour    |       |     5 |    57 |    13 |       ||    75
         Steam dragon scal |       |       |       |    34 |       ||    34
         Acid dragon scale |       |       |       |    80 |    73 ||   153
  Dodge: Dodged            |    16 |    24 |    84 |   158 |    79 ||   361
         Repelled          |       |       |       |     7 |     5 ||    12
  Block: Other             |       |     6 |    21 |       |       ||    27
         Buckler           |       |       |     1 |    98 |    64 ||   163

Table legend: (Time is in decaauts)
 A = Elapsed time spent in this place.
 B = Non-inter-level travel time spent in this place.
 C = Inter-level travel time spent in this place.
 D = Time resting spent in this place.
 E = Time spent auto-exploring this place.
 F = Levels seen in this place.
 G = Mean time per level.
                   A        B        C        D        E       F      G
               +--------+--------+--------+--------+--------+-----+--------+
         Total |  17327 |  16636 |    691 |   1480 |  12592 |  16 | 1082.9 |
       Dungeon |  16320 |  15785 |    535 |   1401 |  12007 |  14 | 1165.7 |
        Temple |    178 |     22 |    156 |      0 |      3 |   1 |  178.0 |
        Bailey |    828 |    828 |      0 |     79 |    582 |   1 |  828.0 |
               +--------+--------+--------+--------+--------+-----+--------+

Top non-repeatable levels by time:
    D:13: 3075 daAuts
     D:4: 1702 daAuts
     D:3: 1303 daAuts
     D:6: 1274 daAuts
     D:9: 1269 daAuts
     D:5: 1107 daAuts
    D:10: 1032 daAuts
     D:8: 996 daAuts
    D:12: 984 daAuts
     D:7: 947 daAuts
  Bailey: 828 daAuts
    D:11: 805 daAuts
     D:1: 738 daAuts
     D:2: 722 daAuts
    D:14: 360 daAuts
